 Dungeon Crawl Stone Soup version 0.26.0-18-gc5c842f807 (webtiles) character file.

Game seed: 14812648098246272558

82 thiole the Sneak (level 4, 0/27 HPs)
             Began as an Octopode Hedge Wizard on Jan 23, 2021.
             Slain by a centaur skeleton (7 damage)
             ... on level 2 of the Dungeon.
             The game lasted 00:02:41 (2215 turns).

thiole the Sneak (Octopode Hedge Wizard)            Turns: 2215, Time: 00:02:42

Health: 0/27       AC:  1    Str:  9    XL:     4   Next: 43%
Magic:  5/9        EV: 13    Int: 17    God:
Gold:   63         SH:  0    Dex: 11    Spells: 2/10 levels left

rFire    . . .     SeeInvis .   a - +0 dagger
rCold    . . .     Faith    .   (no shield)
rNeg     . . .     Spirit   .   b - +0 hat
rPois    .         Reflect  .   (no amulet)
rElec    .         Harm     .   (no ring)
rCorr    .         Rampage  .   (no ring)
Will     .....                  (no ring)
Stlth    +++.......             (no ring)
HPRegen  0.09/turn              (no ring)
MPRegen  0.11/turn              (no ring)
                                (no ring)
                                (no ring)

@: very slightly contaminated
A: almost no armour, stealthy swim, amphibious, 8 rings, constrict 8, camouflage
1, gelatinous body 1
a: no special abilities


You were on level 2 of the Dungeon.
You visited 1 branch of the dungeon, and saw 2 of its levels.

You collected 63 gold pieces.

Inventory:

Hand Weapons
 a - a +0 dagger (weapon)
Armour
 b - a +0 hat (worn)
Wands
 i - a wand of random effects (13)
Scrolls
 c - a scroll of teleportation {unknown}
 d - 2 scrolls of noise {unknown}
 h - 2 scrolls of identify {unknown}
Potions
 e - 2 potions of curing {unknown}
 f - a potion of invisibility {unknown}
 g - a potion of flight {unknown}


   Skills:
 - Level 2.0 Dodging
 + Level 4.1 Stealth
 + Level 3.6 Spellcasting
 - Level 2.0 Conjurations
 - Level 2.0 Summonings
 - Level 1.0 Translocations
 * Level 0.1 Air Magic


You had 2 spell levels left.
You knew the following spells:

 Your Spells              Type           Power        Failure   Level
a - Magic Dart            Conj           36%          8%          1
b - Call Imp              Summ           9%           11%         2
c - Blink                 Tloc           N/A          17%         2
d - Mephitic Cloud        Conj/Pois/Air  5%           36%         3

Your spell library contained the following spells:

 Spells                   Type           Power        Failure   Level
 Slow                     Hex            3%           26%         2
 Conjure Flame            Conj/Fire      6%           32%         3


Dungeon Overview and Level Annotations

Branches:
Dungeon (2/15)

Altars:
Ru
Yredelemnul


Innate Abilities, Weirdness & Mutations

You cannot wear most types of armour.
You are very stealthy in the water. (Stealth+)
You are amphibious.
You can wear up to eight rings at the same time.
You can use your tentacles to constrict eight enemies at once.
Your skin changes colour to match your surroundings (Stealth+).
Your rubbery body absorbs attacks. (AC +1, EV +1)


Message History

Casting: Magic Dart (safe; 8% risk of failure)
Confirm with . or Enter, or press ? or * to list all spells.
Aiming: Magic Dart (safe; 8% risk of failure)
Press: ? - help, Shift-Dir - straight line, f/p - centaur skeleton
Aim: a centaur skeleton (lightly damaged, 0% to evade)
The magic dart hits the centaur skeleton.
The centaur skeleton is moderately damaged.
The centaur skeleton hits you.
You hit the centaur skeleton. You squeeze the centaur skeleton.
The centaur skeleton is moderately damaged.
The centaur skeleton hits you.
You hit the centaur skeleton. You squeeze the centaur skeleton!
The centaur skeleton is severely damaged.
The centaur skeleton closely misses you.
The centaur skeleton hits you!
* * * LOW HITPOINT WARNING * * *
You hit the centaur skeleton.
The centaur skeleton is almost destroyed.
The centaur skeleton hits you!
You die...

.#
#.#########.#
##
#.........#
#.#########
#.# #.#
#.#### #....#
#.##.# ####@#
#....Z.#
########


You could see a centaur skeleton.

Vanquished Creatures
  An orc wizard (D:2)
  A gnoll (D:1)
  An ooze (D:1)
  A dart slug (D:1)
  4 bats (D:1)
  4 giant cockroaches (D:1)
  5 goblins
  8 hobgoblins
  3 jackals (D:1)
  A kobold (D:1)
  2 frilled lizards (D:2)
  3 rats (D:1)
34 creatures vanquished.

Notes
Turn   | Place    | Note
-------+----------+-------------------------------------------
     0 | D:1      | thiole the Octopode Hedge Wizard began the quest for the
                  | Orb.
     0 | D:1      | Reached XP level 1. HP: 11/11 MP: 4/4
     5 | D:1      | Noticed an elephant
    21 | D:1      | Noticed a death yak
    96 | D:1      | Reached XP level 2. HP: 10/17 MP: 0/6
   276 | D:1      | Reached skill level 3 in Stealth
   378 | D:1      | Reached XP level 3. HP: 21/21 MP: 0/7
  1872 | D:2      | Found a sacrificial altar of Ru.
  1887 | D:2      | Reached skill level 4 in Stealth
  1887 | D:2      | Reached XP level 4. HP: 19/27 MP: 1/9
  1890 | D:2      | Learned a level 2 spell: Call Imp
  1893 | D:2      | Learned a level 2 spell: Blink
  1897 | D:2      | Learned a level 3 spell: Mephitic Cloud
  2115 | D:2      | Found a basalt altar of Yredelemnul.
  2215 | D:2      | Slain by a centaur skeleton

Illustrated notes

Levels and vault maps discovered:
D:1:      sevenhm_arrival_forest_fort_small_2, layout_basic, serial_glass,
          glass_columns_c, glass_columns_a, minmay_unequal
D:2:      minmay_roachtagon, layout_basic, nicolae_overflow_crystal_walls,
          nicolae_ru_great_annihilating_truth, grunt_decor_mini_mirrors

Skill      XL: |  1  2  3 |
---------------+----------+-----
Stealth        | 3 4 |  4.1
Conjurations   | 2 |  2.0
Summonings     | 2 |  2.0
Dodging        | |  2.0
Spellcasting   | |  3.6
Translocations | |  1.0
Air Magic      | |  0.1

Action                   |  1- 3 |  4- 6 || total
-------------------------+-------+-------++-------
Melee: Dagger            |    28 |     4 ||    32
       Tentacles         |     5 |     2 ||     7
       Constrict         |     7 |       ||     7
 Cast: Magic Dart        |    80 |     9 ||    89
Armor: Skin              |     2 |       ||     2
Dodge: Dodged            |    24 |     2 ||    26
